 Dungeon Crawl Stone Soup version 0.32-a0-314-g526f7d4993 (webtiles) character file.

Game seed: 13665997221441034789

683 IdlyInterested the Trooper (level 7, -4/59 HPs)
             Began as a Demonspawn Fighter on Feb 14, 2024.
             Slain by a wyvern (7 damage)
             ... on level 4 of the Dungeon on Feb 15, 2024.
             The game lasted 00:10:46 (2863 turns).

IdlyInterested the Trooper (Demonspawn Fighter)     Turns: 2863, Time: 00:10:46

Health: -4/59      AC: 10    Str: 19    XL:     7   Next: 35%
Magic:  7/7        EV:  8    Int:  8    God:
Gold:   82         SH:  4    Dex: 12    Spells: 6/6 levels left

rFire   + . .        p - +2 spear (flame)
rCold   . . .        b - +0 buckler
rNeg    . . .        x - +0 chain mail
rPois   .            (no helmet)
rElec   .            (no cloak)
rCorr   .            (no gloves)
SInv    .            w - +0 pair of boots
Will    .....        (no amulet) Stlth
                     h - ring of protection from fire
HPRegen 0.29/turn    (no ring)
MPRegen 0.10/turn

%: no passive effects
@: no status effects
A: powered by death 1, condensation shield
a: no special abilities


You were on level 4 of the Dungeon.
You visited 1 branch of the dungeon, and saw 4 of its levels.

You collected 82 gold pieces.

Inventory:

Hand Weapons
 d - a +0 dagger
 f - a +0 short sword
 p - a +2 spear of flaming (weapon)
 u - a +0 flail
 y - a +0 great sword
Missiles
 i - 31 stones (quivered)
 C - 4 boomerangs
 G - 5 javelins
Armour
 a - a +0 scale mail
 b - a +0 buckler (worn)
 e - a +0 ring mail
 v - a +0 robe
 w - a +0 pair of boots (worn)
 x - a +0 chain mail (worn)
 B - a +0 leather armour
Jewellery
 h - a ring of protection from fire (left hand)
 m - a ring of magical power
Scrolls
 l - a scroll of fear {unknown}
 q - a scroll of blinking {unknown}
 r - a scroll of identify {unknown}
 E - a scroll of brand weapon {unknown}
Potions
 c - a potion of might
 g - 3 potions of brilliance
 j - a potion of attraction {unknown}
 k - a potion of berserk rage {unknown}
 n - a potion of magic
 o - a potion of invisibility {unknown}
 s - a potion of heal wounds {unknown}
 t - a potion of haste
 z - a potion of enlightenment {unknown}
 A - a potion of curing {unknown}


   Skills:
 + Level 6.8 Fighting
 - Level 1.0 Throwing
 - Level 3.0 Armour
 + Level 3.5 Dodging
 - Level 1.0 Stealth
 - Level 2.6 Shields
 - Level 1.7 Unarmed Combat
 - Level 1.0 Evocations
 - Level 1.0 Shapeshifting


You had 6 spell levels left.
You didn't know any spells.
Your spell library was empty.

Dungeon Overview and Level Annotations

Branches:
Dungeon (4/15)
 Temple: D:4-7

Altars:
Qazlal


Innate Abilities, Weirdness & Mutations

You regenerate a little health from kills.
A meltable shield of frost defends you. (SH +0)


Message History

a +0 whip; a +0 robe; a gnoll corpse You see here a quokka corpse.
You see here a bombardier beetle corpse.
Things that are here:
a +0 club; a goblin corpse A wyvern comes into view.
The wyvern hisses angrily.
You see here a poisoned dart.
You puncture the wyvern! You burn the wyvern.
The wyvern is moderately wounded.
The wyvern bites you. The wyvern barely misses you.
You hit the wyvern but do no damage.
The wyvern is moderately wounded.
The wyvern bites you but does no damage.
You hit the wyvern. You burn the wyvern.
The wyvern is heavily wounded.
The wyvern barely misses you. x2
You hit the wyvern. You burn the wyvern.
The wyvern is severely wounded.
The wyvern barely misses you. You block the wyvern's attack.
You hit the wyvern. You burn the wyvern.
The wyvern is severely wounded.
The wyvern closely misses you.
You hit the wyvern. You burn the wyvern.
The wyvern is severely wounded.
The wyvern bites you! x2
You hit the wyvern. You burn the wyvern.
The wyvern is almost dead.
The wyvern bites you!
* * * LOW HITPOINT WARNING * * *
The wyvern bites you but does no damage.
You closely miss the wyvern.
The wyvern is almost dead.
The wyvern bites you!
* * * LOW HITPOINT WARNING * * *
You block the wyvern's attack.
You completely miss the wyvern.
The wyvern is almost dead.
The wyvern bites you!
You die...

#)# #≈# #)# #.#
#+####.###.###
+.....)?.....# .
#.....<......#
..##########'#####
.................#
............)....#
......k@.(..††)..#
.................#...
.....#####.......'...
.... #.......#...#
... #.......#...# ..
#.......# .. .
#.......# . #.......#
#........


You could see a wyvern.

Vanquished Creatures
  Grinder (D:3)
  A sky beast (D:3)
  A phantom (D:3)
  A bombardier beetle (D:4)
  A gnoll bouda (D:4)
  An iguana (D:4)
  Jessica (D:2)
  4 gnolls (D:4)
  4 adders
  3 dart slugs (D:1)
  3 ribbon worms
  An orc (D:3)
  4 ball pythons
  6 endoplasms
  3 giant cockroaches
  9 goblins
  4 hobgoblins
  5 jackals
  3 kobolds
  3 quokkas
  6 bats
  5 frilled lizards
  2 rats
72 creatures vanquished.

Notes
Turn   | Place    | Note
-------+----------+-------------------------------------------
     0 | D:1      | IdlyInterested the Demonspawn Fighter began the quest for
                  | the Orb.
     0 | D:1      | Reached XP level 1. HP: 18/18 MP: 1/1
   106 | D:1      | Gained mutation: A meltable shield of frost defends you.
                  | (SH +0) [demonic ancestry]
   106 | D:1      | Reached XP level 2. HP: 16/24 MP: 2/2
   309 | D:1      | Reached skill level 1 in Dodging
   365 | D:1      | Reached XP level 3. HP: 30/30 MP: 3/3
   747 | D:1      | Reached skill level 1 in Stealth
   786 | D:1      | Reached skill level 4 in Fighting
  1084 | D:2      | Gained mutation: You regenerate a little health from kills.
                  | [demonic ancestry]
  1084 | D:2      | Reached XP level 4. HP: 37/37 MP: 4/4
  1143 | D:2      | Reached skill level 1 in Throwing
  1343 | D:2      | Noticed Jessica
  1351 | D:2      | Killed Jessica
  1352 | D:2      | Reached skill level 1 in Evocations
  1475 | D:2      | Found a faded altar of an unknown god.
  2086 | D:3      | Reached XP level 5. HP: 41/43 MP: 5/5
  2127 | D:3      | Noticed a phantom
  2152 | D:3      | Noticed a sky beast
  2159 | D:3      | Killed a phantom
  2160 | D:3      | Reached skill level 5 in Fighting
  2160 | D:3      | Reached skill level 1 in Shapeshifting
  2164 | D:3      | Killed a sky beast
  2165 | D:3      | Reached XP level 6. HP: 16/52 MP: 6/6
  2338 | D:3      | Found a stormy altar of Qazlal.
  2404 | D:3      | Noticed Grinder
  2419 | D:3      | Killed Grinder
  2420 | D:3      | Reached skill level 6 in Fighting
  2420 | D:3      | Reached XP level 7. HP: 54/59 MP: 7/7
  2778 | D:4      | Upgraded the game from 0.32-a0-306-gfed3edf829 to
                  | 0.32-a0-314-g526f7d4993
  2852 | D:4      | Noticed a wyvern
  2863 | D:4      | Slain by a wyvern

Illustrated notes

Levels and vault maps discovered:
D:1:      dpeg_arrival_rooms_a, layout_loops_ring, serial_forest,
          infiniplex_forest_clump_double, infiniplex_forest_end_double,
          infiniplex_forest_corner_2, infiniplex_forest_clump_curved,
          infiniplex_forest_end_1
D:2:      layout_basic, ebering_ecumenical_altar_hall, uniq_jessica
D:3:      kennysheep_big_flooded_room, layout_rooms,
          nicolae_qazlal_beasts_of_the_sky, uniq_grinder
D:4:      layout_gridville, nzn_hepliaklqana_mist_gate, minmay_misc_feat_room,
          corexii_corridor_pit, hangedman_abyss_or_decor_slice

Skill      XL: |  1  2  3  4  5  6 |
---------------+-------------------+-----
Armour         | 3 |  3.0
Dodging        | 1 3 |  3.5
Stealth        | 1 |  1.0
Fighting       | 4 5 6 |  6.8
Throwing       | 1 |  1.0
Evocations     | 1 |  1.0
Shapeshifting  | 1 |  1.0
Shields        | |  2.6
Unarmed Combat | |  1.7

Action                     |  1- 3 |  4- 6 |  7- 9 || total
---------------------------+-------+-------+-------++-------
  Melee: Unarmed           |   170 |   147 |    75 ||   392
         Spear             |       |       |    13 ||    13
  Throw: Javelin           |       |       |     4 ||     4
         Dart              |       |       |     2 ||     2
    Use: Potion            |     1 |     4 |     1 ||     6
         Scroll            |       |       |     1 ||     1
 Armour: Scale mail        |    84 |    70 |       ||   154
         Skin              |       |    37 |       ||    37
         Chain mail        |       |     4 |    60 ||    64
  Dodge: Dodged            |    71 |    45 |    22 ||   138
  Block: Buckler           |    79 |    66 |    39 ||   184

Table legend: (Time is in decaauts)
 A = Elapsed time spent in this place.
 B = Non-inter-level travel time spent in this place.
 C = Inter-level travel time spent in this place.
 D = Time resting spent in this place.
 E = Time spent auto-exploring this place.
 F = Levels seen in this place.
 G = Mean time per level.
                   A        B        C        D        E       F      G
               +--------+--------+--------+--------+--------+-----+--------+
         Total |   2845 |   2675 |    170 |    323 |   1448 |   4 |  711.2 |
       Dungeon |   2845 |   2675 |    170 |    323 |   1448 |   4 |  711.2 |
               +--------+--------+--------+--------+--------+-----+--------+

Top non-repeatable levels by time:
     D:2: 1062 daAuts
     D:1: 944 daAuts
     D:3: 704 daAuts
     D:4: 133 daAuts
